 Dungeon Crawl Stone Soup version 0.23.1 (webtiles) character file.

Game seed: 7539348602207700958

261 Borgoz the Skirmisher (level 6, -4/52 HPs)
             Began as a Ghoul Monk on Mar 17, 2019.
             Slain by a worker ant (5 damage)
             ... on level 4 of the Dungeon.
             The game lasted 00:04:56 (3300 turns).

Borgoz the Skirmisher (Ghoul Monk)                  Turns: 3300, Time: 00:04:56

Health: -4/52      AC:  4    Str: 15    XL:     6   Next: 18%
Magic:  5/5        EV: 13    Int:  7    God:
Gold:   187        SH:  0    Dex: 11    Spells: 5/5 levels left

rFire    + . .     SeeInvis .   a - +0 short sword
rCold    + . .     Gourm    .   (no shield)
rNeg     + + +     Faith    .   b - +0 robe
rPois    ∞         Spirit   .   e - +1 helmet
rElec    .         Reflect  .   (no cloak)
rCorr    .         Harm     .   (no gloves)
MR       .....                  (no boots)
Stlth    ++........             m - amulet of magic regeneration
HPRegen  0.00/turn              h - ring of protection from fire
MPRegen  0.34/turn              (no ring)

@: rotting
A: rotting body, claws 1, carnivore, cold resistance 1, negative energy
resistance 3, inhibited regeneration, torment resistance, unbreathing
a: no special abilities


You were on level 4 of the Dungeon.
You were not hungry.

You visited 1 branch of the dungeon, and saw 4 of its levels.

You collected 187 gold pieces.

Inventory:

Hand Weapons
 a - a +0 short sword (weapon)
Missiles
 g - 4 tomahawks (quivered)
 n - 7 javelins
Armour
 b - a +0 robe (worn)
 e - a +1 helmet (worn)
Jewellery
 h - a ring of protection from fire (left claw)
 m - an amulet of magic regeneration (around neck)
Wands
 r - a wand of random effects (17)
Scrolls
 d - 2 scrolls of enchant armour {unknown}
 i - a scroll of identify
 l - a scroll of fear {unknown}
 o - a scroll of teleportation {unknown}
 s - a scroll of remove curse {unknown}
Potions
 f - 2 potions of invisibility
 j - a potion of curing
 k - 3 potions of might
 q - a potion of ambrosia {unknown}
Comestibles
 c - 3 rations


   Skills:
 + Level 4.0 Fighting
 * Level 3.9 Short Blades
 * Level 2.3 Armour
 * Level 3.8 Dodging
 + Level 3.3 Stealth


You had 5 spell levels left.
You didn't know any spells.
Your spell library was empty.

Dungeon Overview and Level Annotations

Branches:
Dungeon (4/15)
 Temple: D:4-7

Altars:

Shops:
D:4 %


Innate Abilities, Weirdness & Mutations

Your body is rotting away.
You thrive on raw meat.
You are immune to poison.
You have sharp fingernails.
You are carnivorous and can eat meat at any time.
Your flesh is cold resistant. (rC+)
You are immune to negative energy. (rN+++)
You do not regenerate when monsters are visible.
You are immune to unholy pain and torment.
You can survive without breathing.


Message History

You feel better. The worker ant barely misses you.
You hit the worker ant but do no damage.
The worker ant is severely wounded.
The worker ant bites you but does no damage.
You barely miss the worker ant.
The worker ant is severely wounded.
The worker ant barely misses you.
You hit the worker ant.
The worker ant is almost dead.
The worker ant bites you!
* * * LOW HITPOINT WARNING * * *
You barely miss the worker ant.
The worker ant is almost dead.
The worker ant waves its antennae.
The worker ant bites you.
* * * LOW HITPOINT WARNING * * *
You hit the worker ant.
The worker ant is almost dead.
The worker ant closely misses you. The worker ant bites you.
You die...

... #.. #.. #..
## ##.. #.# #
...
##.#.######.#
#########..
###.###....@a.#
#....)...<.
#....#<.#######
#.#######.#
######.......#
#.# #####.#
.............#
#.# #......
#####........#
#.# #.#####
#>.......#
##.###.#
#....†...#
#...##.#
##........#
###+#.)..# #
####...##.####
#.'∩+.##.# #


You could see a worker ant.

Vanquished Creatures
  An ogre (D:4)
  An orc wizard (D:4)
  2 worker ant zombies (D:4)
  3 adders
  2 adder skeletons (D:4)
  4 worms
  2 dart slugs
  A leopard gecko (D:1)
  7 orcs
  8 giant cockroaches
  6 goblins
  6 hobgoblins
  2 jackals (D:3)
  7 kobolds
  3 quokkas
  8 bats
  5 frilled lizards
  A leopard gecko skeleton (D:4)
  A quokka skeleton (D:4)
  6 rats
76 creatures vanquished.

Notes
Turn   | Place    | Note
-------+----------+-------------------------------------------
     0 | D:1      | Borgoz the Ghoul Monk began the quest for the Orb.
     0 | D:1      | Reached XP level 1. HP: 19/19 MP: 0/0
   131 | D:1      | Reached XP level 2. HP: 22/26 MP: 1/1
   541 | D:1      | Reached XP level 3. HP: 25/31 MP: 2/2
   803 | D:2      | Reached skill level 1 in Armour
  1691 | D:3      | Reached XP level 4. HP: 37/38 MP: 3/3
  2603 | D:4      | Noticed an ogre
  2614 | D:4      | Killed an ogre
  2614 | D:4      | Reached XP level 5. HP: 19/46 MP: 4/4
  2943 | D:4      | Reached XP level 6. HP: 35/52 MP: 5/5
  3053 | D:4      | Found Kahah's Food Boutique.
  3106 | D:4      | Reached skill level 4 in Fighting
  3299 | D:4      | HP: 1/52 [worker ant (2)]
  3300 | D:4      | Slain by a worker ant

Skill      XL: |  1  2  3  4  5  6 |
---------------+-------------------+-----
Short Blades   | 3 |  3.9
Dodging        | 3 |  3.8
Armour         | 1 2 |  2.3
Stealth        | 3 |  3.3
Fighting       | 4 |  4.0

Action                   |  1- 3 |  4- 6 || total
-------------------------+-------+-------++-------
Melee: Short sword       |   150 |   277 ||   427
  Use: Scroll            |       |     4 ||     4
       Potion            |       |     3 ||     3
 Stab: Sleeping          |     3 |     5 ||     8
       Invisible         |       |     1 ||     1
  Eat: Chunk             |     9 |    12 ||    21
Armor: Robe              |    32 |    42 ||    74
Dodge: Dodged            |    97 |   194 ||   291
